 Dungeon Crawl Stone Soup version 0.29-a0-251-g80730f7218 (webtiles) character file.

Game seed: 3353076729352574329

492 avis the Skirmisher (level 7, -3/66 HPs)
             Began as a Hill Orc Monk on Mar 5, 2022.
             Was a Believer of Beogh.
             Slain by a black bear (4 damage)
             ... on level 5 of the Dungeon.
             The game lasted 00:23:31 (4882 turns).

avis the Skirmisher (Hill Orc Monk)                 Turns: 4882, Time: 00:23:33

Health: -3/66      AC: 10    Str: 17    XL:     7   Next: 14%
Magic:  10/10      EV: 10    Int: 16    God:    Beogh [**....]
Gold:   304        SH:  0    Dex: 13    Spells: 6/6 levels left

rFire   x . .      SeeInvis .     - Unarmed
rCold   . . .      Faith    .   (no shield)
rNeg    . . .      Spirit   .   E - +0 scale mail of the Great Game {rElec rF- Str+3 Int+4}
rPois   .          Reflect  .   (no helmet)
rElec   +          Harm     .   x - scarf {shadows}
rCorr   .          Rampage  .   (no gloves)
Will    .....                   (no boots)
Stlth   ..........              t - amulet of magic regeneration
HPRegen 0.21/turn               k - +4 ring of protection
MPRegen 0.52/turn               (no ring)

@: no status effects
A: no striking features
a: Renounce Religion, Smiting


You were on level 5 of the Dungeon.
You worshipped Beogh.
Beogh was pleased with you.
You visited 1 branch of the dungeon, and saw 5 of its levels.

You collected 304 gold pieces.

Inventory:

Hand Weapons
 b - a +0 hunting sling
 d - a +0 spear
 m - a +0 spear
 o - a +0 hand crossbow
 v - a +0 morningstar
 w - a +4 whip
 D - a +0 shortbow
 K - a +0 trident
Missiles
 e - 151 stones
 j - 3 poisoned darts (quivered)
Armour
 a - a +0 robe
 c - a +0 ring mail
 f - a +0 chain mail
 h - a +0 leather armour
 r - a +0 chain mail of poison resistance
 u - a +0 scale mail
 x - a scarf of shadows (worn)
 C - a +0 chain mail
 E - the +0 scale mail of the Great Game (worn) {rElec rF- Str+3 Int+4}
   (You found it on level 4 of the Dungeon)

   Str:       It affects your strength (+3).
   Int:       It affects your intelligence (+4).
   rF:        It makes you vulnerable to fire.
   rElec:     It insulates you from electricity.
 G - a +0 chain mail
 J - the +5 chain mail of the Butterfly {rElec rF+ rC++}
   (You found it on level 4 of the Dungeon)

   rF:        It protects you from fire.
   rC:        It greatly protects you from cold.
   rElec:     It insulates you from electricity.
Jewellery
 k - a +4 ring of protection (left hand)
 t - an amulet of magic regeneration (around neck)
Wands
 H - a wand of iceblast (13)
Scrolls
 g - a scroll of acquirement {unknown}
 i - a scroll of identify {unknown}
 p - 4 scrolls of teleportation {unknown}
 q - a scroll of summoning {unknown}
 y - a scroll of noise {unknown}
Potions
 l - 2 potions of heal wounds {unknown}
 n - a potion of lignification {unknown}
 s - 2 potions of curing {unknown}
 z - 2 potions of mutation {unknown}
 A - a potion of flight {unknown}
 B - a potion of invisibility {unknown}
 F - a potion of might {unknown}
 I - a potion of haste {unknown}


   Skills:
 - Level 7.0 Fighting
 - Level 3.0 Dodging
 - Level 1.5 Stealth
 * Level 5.0 Unarmed Combat
 + Level 4.2 Invocations


You had 6 spell levels left.
You didn't know any spells.
Your spell library contained the following spells:

 Spells                   Type           Power      Damage    Failure   Level
 Animate Skeleton         Necr           0%         N/A       67%         1
 Apportation              Tloc           0%         N/A       67%         1
 Summon Small Mammal      Summ           0%         N/A       67%         1


Dungeon Overview and Level Annotations

Branches:
Dungeon (5/15)
 Temple: D:4-7

Altars:
Nemelex Xobeh
Sif Muna


Message History

The black bear claws you but does no damage.
You hit the black bear.
The black bear is almost dead.
The black bear barely misses you.
The black bear claws you but does no damage.
The black bear closely misses you.
You hit the black bear but do no damage.
The black bear is almost dead.
The black bear bites you.
* * * LOW HITPOINT WARNING * * *
The black bear claws you but does no damage.
The black bear closely misses you.
You barely miss the black bear. You punch the black bear.
The black bear is almost dead.
The black bear barely misses you.
The black bear claws you but does no damage.
The black bear claws you.
* * * LOW HITPOINT WARNING * * *
The black bear bites you.
* * * LOW HITPOINT WARNING * * *
The black bear barely misses you.
The black bear claws you but does no damage.
You closely miss the black bear.
The black bear is almost dead.
The black bear bites you.
* * * LOW HITPOINT WARNING * * *
The black bear barely misses you. The black bear claws you.
* * * LOW HITPOINT WARNING * * *
You barely miss the black bear.
The black bear is almost dead.
The black bear bites you.
* * * LOW HITPOINT WARNING * * *
The black bear barely misses you. x2
Aiming: Smiting
Press: ? - help, Dir - move target, f/p - black bear Smite: a black bear (almost dead, berserk)
You fail to use your ability.
The black bear bites you.
* * * LOW HITPOINT WARNING * * *
The black bear claws you.
You die...

[..# ###
..?.##..
.....#.# #....#
..h....###....#
........ .....#
.....(.# #....#
#.# #..#.# #h#
#.##.#
...###@###.##.#
#........<....#
#.#####.##.####
#.##.# #.##.#
#.##.# #.##.#
..##.# ###


You could see a black bear (berserk).

Vanquished Creatures
  2 ogres (D:4)
  A centaur (D:4)
  A phantom (D:3)
  A scorpion (D:5)
  An orc priest (D:4)
  A gnoll (D:1)
  2 adders
  A worm (D:2)
  3 orcs
  6 ball pythons
  5 bats
  9 endoplasms
  3 giant cockroaches
  13 goblins
  6 hobgoblins
  4 kobolds
  3 quokkas
  2 frilled lizards
  6 rats
70 creatures vanquished.

Vanquished Creatures (others)
  An orc priest (D:4)
  3 orcs (D:4)
4 creatures vanquished.

Grand Total: 74 creatures vanquished

Notes
Turn   | Place    | Note
-------+----------+-------------------------------------------
     0 | D:1      | avis the Hill Orc Monk began the quest for the Orb.
     0 | D:1      | Reached XP level 1. HP: 19/19 MP: 1/1
   112 | D:1      | Reached skill level 4 in Fighting
   228 | D:1      | Reached XP level 2. HP: 9/28 MP: 2/2
   644 | D:1      | Reached skill level 5 in Fighting
   644 | D:1      | Reached XP level 3. HP: 34/36 MP: 3/3
  1844 | D:2      | Found a faded altar of an unknown god.
  1885 | D:2      | Found a shimmering blue altar of Sif Muna.
  1943 | D:2      | Reached XP level 4. HP: 42/42 MP: 4/4
  2645 | D:3      | Found a sparkling altar of Nemelex Xobeh.
  3364 | D:4      | Became a worshipper of Beogh the Brigand
  3364 | D:4      | Reached * piety under Beogh
  3364 | D:4      | Reached ** piety under Beogh
  3371 | D:4      | Noticed a centaur
  3372 | D:4      | Identified the +0 scale mail of the Great Game {rElec rF-
                  | Str+3 Int+4}
  3389 | D:4      | Reached XP level 5. HP: 23/50 MP: 5/5
  3390 | D:4      | Killed a centaur
  3391 | D:4      | Reached skill level 6 in Fighting
  3556 | D:4      | Noticed a phantom
  3580 | D:3      | Killed a phantom
  3581 | D:3      | Reached skill level 5 in Unarmed Combat
  3581 | D:3      | Reached XP level 6. HP: 43/57 MP: 5/7
  3955 | D:4      | Found a shimmering blue altar of Sif Muna.
  4001 | D:4      | Identified the +5 chain mail of the Butterfly {rElec rF+
                  | rC++}
  4032 | D:4      | HP: 1/58 [ogre/+0 giant spiked club (17)]
  4617 | D:5      | Entered Level 5 of the Dungeon
  4655 | D:5      | Reached skill level 7 in Fighting
  4655 | D:5      | Reached XP level 7. HP: 35/66 MP: 8/10
  4880 | D:5      | HP: 3/66 [black bear (5)]
  4882 | D:5      | HP: 1/66 [black bear (1)]
  4882 | D:5      | Slain by a black bear

Illustrated notes

Levels and vault maps discovered:
D:1:      scummos_arrival_hexagon, layout_basic, amcnicky_mini_corridor_feature
D:2:      layout_basic, basic_ecumenical_altar, basic_altar,
          minmay_misc_feat_enclosed, minmay_pentomino_z4
D:3:      layout_basic, nemelex_dance_club_becter,
          minmay_fractal_squares_diagonal_5
D:4:      layout_rooms, led_sif_pool
D:5:      layout_loops_corners

Skill      XL: |  1  2  3  4  5  6 |
---------------+-------------------+-----
Fighting       | 4 5 6 7 |  7.0
Unarmed Combat | 4 5 |  5.0
Dodging        | 3 |  3.0
Invocations    | 2 4 |  4.2
Stealth        | |  1.5

Action                   |  1- 3 |  4- 6 |  7- 9 || total
-------------------------+-------+-------+-------++-------
Melee: Unarmed           |   103 |   128 |    21 ||   252
       Punch             |     2 |       |     2 ||     4
 Fire: Hunting sling     |     9 |    26 |     1 ||    36
Throw: Dart              |       |    12 |     3 ||    15
       Stone             |       |     1 |       ||     1
Invok: Convert to Beogh  |       |     1 |       ||     1
 Stab: Distracted        |     1 |       |       ||     1
Armor: Ring mail         |    36 |       |       ||    36
       Chain mail        |     8 |    48 |       ||    56
       Scale mail        |       |    11 |    14 ||    25
Dodge: Dodged            |    50 |    53 |    25 ||   128

Table legend: (Time is in decaauts)
 A = Elapsed time spent in this place.
 B = Non-inter-level travel time spent in this place.
 C = Inter-level travel time spent in this place.
 D = Time resting spent in this place.
 E = Time spent auto-exploring this place.
 F = Levels seen in this place.
 G = Mean time per level.
                   A        B        C        D        E       F      G
               +--------+--------+--------+--------+--------+-----+--------+
         Total |   4883 |   4430 |    453 |   1002 |   2373 |   5 |  976.6 |
       Dungeon |   4883 |   4430 |    453 |   1002 |   2373 |   5 |  976.6 |
               +--------+--------+--------+--------+--------+-----+--------+

Top non-repeatable levels by time:
     D:3: 1362 daAuts
     D:4: 1298 daAuts
     D:1: 1089 daAuts
     D:2: 1067 daAuts
     D:5: 66 daAuts
